 Dungeon Crawl Stone Soup version 0.29.0-4-gdea44cf6ec (webtiles) character file.

Game seed: 10566061331464780847

164 qw the Chopper (level 5, 0/30 HPs)
             Began as a Tengu Warper on Aug 28, 2022.
             Slain by a gnoll sergeant
             ... wielding a +0 spear
              (8 damage)
             ... on level 6 of the Dungeon.
             The game lasted 00:00:17 (2585 turns).

qw the Chopper (Tengu Warper)                       Turns: 2585, Time: 00:00:18

Health: 0/30       AC:  6    Str: 13    XL:     5   Next: 45%
Magic:  9/9        EV: 10    Int: 14    God:
Gold:   111        SH:  8    Dex: 13    Spells: 8/8 levels left

rFire   . . .      SeeInvis .   g - +0 war axe
rCold   . . .      Faith    .   d - +0 kite shield
rNeg    . . .      Spirit   .   k - +0 ring mail
rPois   .          Reflect  .   (helmet restricted)
rElec   .          Harm     .   (no cloak)
rCorr   .          Rampage  .   f - +0 pair of gloves
Will    .....                   (boots unavailable)
Stlth   +.........              (no amulet)
HPRegen 0.10/turn               (no ring)
MPRegen 0.11/turn               (no ring)

@: flying quickly and evasively, quick
A: beak, talons 3, nimble flight
a: no special abilities


You were on level 6 of the Dungeon.
You visited 1 branch of the dungeon, and saw 4 of its levels.

You collected 160 gold pieces.
You spent 49 gold pieces at shops.


Innate Abilities, Weirdness & Mutations

You have a beak for a mouth.
You have claws for feet.
Your magical nature lets you fly swiftly and evasively.


   Skills:
 - Level 2.0 Fighting
 + Level 4.7 Axes
 - Level 1.0 Throwing
 - Level 1.1 Armour
 - Level 2.1 Dodging
 - Level 3.1 Shields
 - Level 2.0 Spellcasting
 - Level 2.4 Translocations


You had 8 spell levels left.
You didn't know any spells.
Your spell library contained the following spells:

 Spells                   Type           Power      Damage    Failure   Level
 Blink                    Tloc           16%        N/A       67%         2
 Gell's Gravitas          Tloc           8%         N/A       88%         3
 Lesser Beckoning         Tloc           8%         N/A       88%         3
 Teleport Other           Tloc           8%         N/A       88%         3
 Manifold Assault         Tloc           8%         N/A       100%        5

Inventory:

Hand Weapons
 g - a +0 war axe (weapon)
 j - a +0 flail
Missiles
 h - 2 boomerangs (quivered)
Armour
 d - a +0 kite shield (worn)
 f - a +0 pair of gloves (worn)
 k - a +0 ring mail (worn)
Scrolls
 a - a scroll of identify
Potions
 b - a potion of attraction {unknown}
 c - a potion of brilliance {unknown}
 e - a potion of flight {unknown}
 i - a potion of curing {unknown}

Dungeon Overview and Level Annotations

Branches:
Dungeon (3/15)

Altars:

Shops:
D:3 (

Annotations:
D:2 1 runed translucent door, Crazy Yiuf


Message History

Existing waypoints: (1) D:2 (2) D:3 Assign waypoint to what number? (0-9, D - delete waypoint) Waypoint 1 re-assigned from D:2 to D:6.
Enter note:
Enter note: The gnoll shouts!
You hear a shout!
A gnoll comes into view. It is wielding a +0 flail.
A gnoll sergeant comes into view. It is wielding a +0 spear.
The gnoll shouts!
The gnoll barely misses you.
A gnoll comes into view. It is wielding a +0 club.
You hit the gnoll. You peck the gnoll.
The gnoll is heavily wounded.
An ufetubus comes into view.
You block the gnoll's attack.
A gnoll comes into view. It is wielding a +0 flail.
You hit the gnoll. You claw the gnoll.
You kill the gnoll!
You closely miss the ufetubus.
The ufetubus hits you but does no damage.
The ufetubus hits you. x2; The ufetubus closely misses you.
Your Shields skill increases to level 3!
You hit the gnoll.
The gnoll is lightly wounded.
You barely miss the ufetubus. The ufetubus barely misses you.
You block the ufetubus's attack. The gnoll hits you but does no damage.
The gnoll sergeant hits you from afar with a +0 spear.
The ufetubus hits you. The ufetubus barely misses you.
The gnoll sergeant hits you from afar with a +0 spear.
The gnoll hits you with a +0 flail.
You closely miss the gnoll.
The gnoll is lightly wounded.
You closely miss the ufetubus. The ufetubus barely misses you.
The ufetubus closely misses you. The ufetubus barely misses you.
You block the ufetubus's attack. You block the gnoll's attack.
The gnoll sergeant hits you from afar with a +0 spear!
You die...

.... ... ....#..##..
..... ... #. #...... ...
..# ........# ...#.###
.......#..
#.#.#.#........#.. #
#................ ...
##......##.......
.....###5.....###.......
.......@........#
....#.gg....#.#.# .
#.g......## .
#........## #g#####.##
#. .. . ... .. ...


You could see a gnoll sergeant, 3 gnolls and an ufetubus.

Vanquished Creatures
  Natasha (thrice) (D:2)
  An adder (D:3)
  A gnoll (D:6)
  5 orcs (D:3)
  7 endoplasms
  2 giant cockroaches (D:1)
  5 goblins
  4 hobgoblins
  4 jackals (D:1)
  6 kobolds
  3 quokkas
  3 ball pythons
  10 bats
  3 frilled lizards
  7 rats
64 creatures vanquished.

Notes
Turn   | Place    | Note
-------+----------+-------------------------------------------
     0 | D:1      | qw the Tengu Warper began the quest for the Orb.
     0 | D:1      | Reached XP level 1. HP: 12/12 MP: 4/4
     0 | D:1      | 0 ||| qw: Version: 0.1-a-89-g26bdef1
     0 | D:1      | 0 ||| qw: Game counter: 2228
     0 | D:1      | 0 ||| qw: Always use a shield: true
     0 | D:1      | 0 ||| qw: God list: Okawaru
     0 | D:1      | 0 ||| qw: Allow faded altars: false
     0 | D:1      | 0 ||| qw: Do Orc after D:15 true
     0 | D:1      | 0 ||| qw: Do second Lair branch before Depths: true
     0 | D:1      | 0 ||| qw: Lair rune preference: random
     0 | D:1      | 0 ||| qw: Plans: Normal
     0 | D:1      | 0 ||| PLANNING D:1-11
    44 | D:1      | 44 ||| Stepping ~*~*~tactically~*~*~ (stealth).
    89 | D:1      | 89 ||| Stepping ~*~*~tactically~*~*~ (stealth).
   114 | D:1      | 114 ||| Stepping ~*~*~tactically~*~*~ (stealth).
   141 | D:1      | 141 ||| Stepping ~*~*~tactically~*~*~ (stealth).
   160 | D:1      | 160 ||| Stepping ~*~*~tactically~*~*~ (stealth).
   165 | D:1      | Reached skill level 3 in Axes
   165 | D:1      | Reached XP level 2. HP: 11/17 MP: 6/6
   391 | D:1      | 391 ||| Stepping ~*~*~tactically~*~*~ (stealth).
   411 | D:1      | 411 ||| Stepping ~*~*~tactically~*~*~ (stealth).
   412 | D:1      | 412 ||| Stepping ~*~*~tactically~*~*~ (stealth).
   427 | D:1      | 427 ||| Stepping ~*~*~tactically~*~*~ (stealth).
   491 | D:1      | 491 ||| Stepping ~*~*~tactically~*~*~ (stealth).
   501 | D:1      | 501 ||| Stepping ~*~*~tactically~*~*~ (stealth).
   569 | D:1      | Reached XP level 3. HP: 20/21 MP: 7/7
   647 | D:1      | 647 ||| Stepping ~*~*~tactically~*~*~ (stealth).
   649 | D:1      | 649 ||| Stepping ~*~*~tactically~*~*~ (stealth).
   672 | D:1      | 672 ||| Stepping ~*~*~tactically~*~*~ (stealth).
   675 | D:1      | 675 ||| Stepping ~*~*~tactically~*~*~ (stealth).
   676 | D:1      | 676 ||| Stepping ~*~*~tactically~*~*~ (stealth).
   677 | D:1      | 677 ||| Stepping ~*~*~tactically~*~*~ (stealth).
   678 | D:1      | 678 ||| Stepping ~*~*~tactically~*~*~ (stealth).
   769 | D:1      | Reached skill level 4 in Axes
   983 | D:1      | 983 ||| UPGRADING to +0 pair of gloves.
   988 | D:1      | 988 ||| READING 2 scrolls labelled SINIWA XASU.
   989 | D:1      | 989 ||| DROPPING scroll of blinking.
  1053 | D:2      | 1053 ||| Stepping ~*~*~tactically~*~*~ (stealth).
  1067 | D:2      | Noticed Natasha
  1074 | D:2      | Killed Natasha
  1075 | D:2      | Reached XP level 4. HP: 23/26 MP: 8/8
  1181 | D:2      | 1181 ||| DROPPING +0 club.
  1198 | D:2      | Found a runed translucent door.
  1199 | D:2      | Noticed Crazy Yiuf
  1223 | D:2      | 1223 ||| FLEEEEING.
  1224 | D:2      | 1224 ||| FLEEEEING.
  1225 | D:2      | 1225 ||| FLEEEEING.
  1226 | D:2      | 1226 ||| FLEEEEING.
  1227 | D:2      | 1227 ||| FLEEEEING.
  1228 | D:2      | 1228 ||| FLEEEEING.
  1229 | D:2      | 1229 ||| Stepping ~*~*~tactically~*~*~ (hiding).
  1237 | D:2      | 1237 ||| FLEEEEING.
  1238 | D:2      | 1238 ||| FLEEEEING.
  1244 | D:2      | 1244 ||| STAIRDANCE
  1273 | D:1      | 1273 ||| UPGRADING to +0 kite shield.
  1278 | D:1      | 1278 ||| UPGRADING to +0 ring mail.
  1288 | D:1      | 1288 ||| DROPPING +0 leather armour.
  1289 | D:1      | 1289 ||| READING 2 scrolls of identify.
  1289 | D:1      | 1289 ||| IDENTIFYING clear potion
  1290 | D:1      | 1290 ||| DROPPING potion of berserk rage.
  1373 | D:2      | Noticed Natasha
  1374 | D:2      | 1374 ||| Stepping ~*~*~tactically~*~*~ (hiding).
  1384 | D:2      | Killed Natasha
  1385 | D:2      | Reached skill level 1 in Shields
  1469 | D:2      | Noticed Natasha
  1477 | D:2      | Killed Natasha
  1478 | D:2      | Gained mutation: Your magical nature lets you fly swiftly
                  | and evasively. [Tengu growth]
  1478 | D:2      | Reached XP level 5. HP: 25/30 MP: 9/9
  1704 | D:2      | 1704 ||| Stepping ~*~*~tactically~*~*~ (stealth).
  1718 | D:2      | 1718 ||| Stepping ~*~*~tactically~*~*~ (stealth).
  1721 | D:2      | 1721 ||| Stepping ~*~*~tactically~*~*~ (stealth).
  2117 | D:2      | 2117 ||| READING scroll labelled CATHRE VUALULLA.
  2215 | D:3      | Found Atzan's Weapon Emporium.
  2224 | D:3      | 2224 ||| BUYING +0 war axe (49 gold).
  2224 | D:3      | Bought a +0 war axe for 49 gold pieces
  2224 | D:3      | 2224 ||| SWAPPING to +0 war axe.
  2225 | D:3      | 2225 ||| DROPPING +0 hand axe.
  2571 | D:3      | You are sucked into a shaft and drop 3 floors!
  2584 | D:6      | Reached skill level 3 in Shields
  2585 | D:6      | Slain by a gnoll sergeant

Levels and vault maps discovered:
D:1:      lightli_arrival_flooded_house, layout_rooms, minmay_fountain_box,
          chequers_garden
D:2:      layout_basic, dreamdust_wishing_well, grunt_decor_mini_mirrors,
          uniq_natasha, uniq_crazy_yiuf_cottage
D:3:      layout_basic, nicolae_ecumenical_oubliette, serial_shops,
          nicolae_shop_bloodbath_and_beyond
D:6:      layout_cave_pools, nicolae_yredelemnul_corpse_copse,
          guppyfry_shop_venom

Skill      XL: |  1  2  3  4  5 |
---------------+----------------+-----
Axes           | 3 4 |  4.7
Shields        | 2 3 |  3.1
Fighting       | |  2.0
Throwing       | |  1.0
Armour         | |  1.1
Dodging        | |  2.1
Spellcasting   | |  2.0
Translocations | |  2.4

Action                   |  1- 3 |  4- 6 || total
-------------------------+-------+-------++-------
Melee: Hand axe          |    68 |    33 ||   101
       Kick              |    13 |    11 ||    24
       Peck              |    10 |     9 ||    19
       War axe           |       |    34 ||    34
Throw: Boomerang         |    18 |    25 ||    43
  Use: Scroll            |     1 |     2 ||     3
Armor: Leather armour    |    17 |       ||    17
       Ring mail         |       |    21 ||    21
Dodge: Dodged            |    47 |    28 ||    75
Block: Kite shield       |       |    26 ||    26

Table legend:
 A = Non-vault XP
 B = Vault XP
 C = Vault XP percentage of total XP
 D = Non-vault monster count
 E = Vault monster count
 F = Vault count percentage of total count
                 A         B        C        D         E       F
            +---------+---------+-------+---------+---------+-------
      Total |     200 |      35 |  14.9 |      63 |       1 |   1.6
            +---------+---------+-------+---------+---------+-------
        D:1 |      57 |       0 |   0.0 |      34 |       0 |   0.0
        D:2 |      84 |      35 |  29.4 |      12 |       1 |   7.7
        D:3 |      45 |       0 |   0.0 |      16 |       0 |   0.0
        D:6 |      14 |       0 |   0.0 |       1 |       0 |   0.0
            +---------+---------+-------+---------+---------+-------
